Oilers vs Blues (R3)

Created - 31 janvier 2022 at 16:35

Goals
1 2 3 T
Oilers 0 1 3 4
Blues 1 0 0 1
Shots
1 2 3 T
Oilers 12 12 14 38
Blues 14 7 15 36

1st period

1. Blues , Michael Bunting 4 (Jamie Benn 20, Jordan Staal 21) at 14:07

Penalties :
Alex Biega (EDM) for Interference (Minor) at 5:03

2nd period

2. Oilers , Bobby Ryan 12 (Kyle Okposo 11, Connor McDavid 36) at 5:59

Penalties :
Tom Wilson (STL) for Roughing (Minor) at 11:11

3rd period

3. Oilers , Tim Stutzle 21 (Jeff Skinner 9, James Neal 10) at 2:30
4. Oilers , Jeff Skinner 11 (Tim Stutzle 20) at 10:29
5. Oilers , Mark Giordano 3 (Brandon Pirri 4, Zack Kassian 5) at 13:27

Penalties :
Brandon Pirri (EDM) for Holding (Minor) at 10:46, Brendan Smith (EDM) for Hooking (Minor) at 18:22

Goalie Stats

Joonas Korpisalo (EDM), 35 saves from 36 shots - (0,972), W, 7-8-2, 60:00 minutes
Alex Stalock (STL), 34 saves from 38 shots - (0,895), L, 10-15-5, 60:00 minutes

Players Stats for Oilers

Player Name              G  A  P  +/- PIM S  H  SB GA TA FO     MP     PP MP  PK MP  
------------------------------------------------------------------------------------
Alex Biega               0  0  0   2  2   1  3  0  0  0  0/0    15:54   0:00   0:34 
Ben Street               0  0  0   0  0   1  0  0  0  0  5/12   13:02   0:00   2:41 
Bobby Ryan               1  0  1   1  0   3  2  0  2  0  0/0    14:09   1:04   0:00 
Brandon Pirri            0  1  1   0  2   2  1  0  0  1  0/1     9:41   0:00   0:00 
Brendan Smith            0  0  0   1  2   0  2  2  0  2  0/0    21:43   0:51   2:05 
Cody Glass               0  0  0   0  0   4  2  0  0  1  3/4    14:18   0:00   0:00 
Connor McDavid           0  1  1   0  0   4  4  0  0  0  10/20  22:16   1:04   0:00 
Gaetan Haas              0  0  0   0  0   0  0  0  0  0  1/4     3:47   0:00   2:54 
Jake Gardiner            0  0  0   2  0   0  0  0  0  1  0/0    15:12   0:00   0:00 
James Neal               0  1  1   2  0   3  1  0  0  1  0/0    19:01   0:55   2:54 
Jeff Skinner             1  1  2   2  0   1  2  0  0  0  0/0    16:07   0:55   0:00 
John Carlson             0  0  0   0  0   4  0  0  0  1  0/0    22:30   1:08   2:56 
Jordan Oesterle          0  0  0   1  0   0  0  2  0  1  0/0    22:25   0:51   2:46 
Kyle Okposo              0  1  1   1  0   4  1  0  0  1  1/2    14:09   1:04   0:00 
Mark Giordano            1  0  1   0  0   4  1  0  0  2  0/0    22:23   1:08   2:49 
Nathan Gerbe             0  0  0   0  0   2  0  0  1  0  0/0    13:48   0:00   0:00 
Tim Stutzle              1  1  2   2  0   5  4  0  0  0  2/14   16:47   0:55   0:01 
Zack Kassian             0  1  1   1  0   0  2  1  1  0  0/0    17:10   0:00   2:40 

Players Stats for Blues

Player Name              G  A  P  +/- PIM S  H  SB GA TA FO     MP     PP MP  PK MP  
------------------------------------------------------------------------------------
Anthony Cirelli          0  0  0   0  0   2  1  1  0  0  24/36  19:34   2:53   0:00 
Artturi Lehkonen         0  0  0  -2  0   0  0  0  0  0  0/0    11:31   0:00   1:04 
Dawson Mercer            0  0  0  -1  0   8  4  0  2  0  0/0    19:01   2:53   0:55 
Evan Rodrigues           0  0  0  -2  0   0  1  0  0  0  4/6    11:41   0:00   0:55 
Gemel Smith              0  0  0   0  0   0  0  0  0  0  0/0     0:00   0:00   0:00 
Jamie Benn               0  1  1   0  0   2  0  0  0  0  3/4    12:56   2:53   0:00 
Jarred Tinordi           0  0  0  -1  0   0  1  1  0  0  0/0    17:12   0:00   0:00 
Jordan Staal             0  1  1  -1  0   1  1  1  0  0  4/9    18:42   2:42   1:04 
Jordie Benn              0  0  0  -1  0   0  0  1  0  1  0/0    10:54   0:00   0:00 
MacKenzie Weegar         0  0  0  -1  0   2  1  1  2  1  0/0    27:45   2:29   1:12 
Marcus Johansson         0  0  0   0  0   0  0  1  0  0  0/0    10:03   0:00   0:00 
Matt Martin              0  0  0   0  0   0  0  0  0  0  0/0     0:00   0:00   0:00 
Michael Bunting          1  0  1   0  0   3  1  1  0  1  0/0    10:03   0:00   0:00 
Morgan Rielly            0  0  0  -1  0   0  0  3  0  0  0/0    15:12   3:06   1:12 
Neal Pionk               0  0  0  -1  0   3  0  3  0  0  0/0    27:36   2:29   0:47 
Patrik Laine             0  0  0  -1  0   3  1  1  3  0  0/0    14:54   0:00   0:00 
Pavel Buchnevich         0  0  0   0  0   7  1  0  1  1  0/1    19:25   2:42   0:00 
Tom Wilson               0  0  0   0  2   3  2  0  2  0  0/0    19:47   2:42   0:00 
Torey Krug               0  0  0  -1  0   1  1  1  0  0  0/0    21:21   3:06   0:47 
Zach Sanford             0  0  0  -2  0   1  0  0  1  0  0/1    10:23   0:00   0:00 

3 Stars

1 - Joonas Korpisalo (EDM)
2 - Tim Stutzle (EDM)
3 - Jeff Skinner (EDM)

Power Play

Oilers - 0 on 1 Attempt(s) - 0,00%
Blues - 0 on 3 Attempt(s) - 0,00%

Penalty Kill

Oilers - 3 on 3 Attempt(s) - 100,00% - Score 0 goal in Penalty Kill
Blues - 1 on 1 Attempt(s) - 100,00% - Score 0 goal in Penalty Kill

Team Stat

Oilers - Hits : 25 - Faceoff Wins : 22 - Blocked Shots : 5 - Penalty Minutes : 6
Blues - Hits : 15 - Faceoff Wins : 35 - Blocked Shots : 15 - Penalty Minutes : 2

Official

Referees : Conor O'Donnell and Justin Kea
Linesman : Jeff Walker and Scott Cherrey

Game Notes

No Game Note

Finance

Level 1 -- Attendance: 5456 (90,93%) -- Ticket Income 545 600 $
Level 2 -- Attendance: 4788 (95,76%) -- Ticket Income 287 280 $
Level 3 -- Attendance: 1954 (97,70%) -- Ticket Income 78 160 $
Level 4 -- Attendance: 2672 (66,80%) -- Ticket Income 80 160 $
Luxury Box -- Attendance: 983 (98,30%) -- Ticket Income 196 600 $
Game was played at the St.Louis Garden.
Total Attendance: 15853 (88,07%)
Total Ticket Income: 1 187 800 $
Other Income: 582 022 $
Total Income: 1 769 822 $

Oilers

5 vs 5 Forward 
   Center                   Left Wing                Right Wing               Time % Phy DF OF 
 1 Connor McDavid           Kyle Okposo              Bobby Ryan               30     1   2  2  
 2 Tim Stutzle              Jeff Skinner             James Neal               30     1   2  2  
 3 Cody Glass               Nathan Gerbe             Zack Kassian             20     1   2  2  
 4 Ben Street               Brandon Pirri            Connor McDavid           20     1   2  2  

5 vs 5 Defense 
   Defense                  Defense                                           Time % Phy DF OF 
 1 John Carlson             Mark Giordano                                     35     1   2  2  
 2 Jordan Oesterle          Brendan Smith                                     35     1   2  2  
 3 Jake Gardiner            Alex Biega                                        30     1   2  2  
 4 John Carlson             Mark Giordano                                     0      1   2  2  

PowerPlay Forward 
   Center                   Left Wing                Right Wing               Time % Phy DF OF 
 1 Connor McDavid           Kyle Okposo              Bobby Ryan               50     1   2  2  
 2 Tim Stutzle              Jeff Skinner             James Neal               50     1   2  2  

PowerPlay Defense
   Defense                  Defense                                           Time % Phy DF OF 
 1 John Carlson             Mark Giordano                                     50     1   2  2  
 2 Jordan Oesterle          Brendan Smith                                     50     1   2  2  

Penalty Kill 4 Players Forward 
   Center                   Wing                     Time % Phy DF OF 
 1 Ben Street               Zack Kassian             50     1   2  2  
 2 Gaetan Haas              James Neal               50     1   2  2  

Penalty Kill 4 Players Defense
   Defense                  Defense                  Time % Phy DF OF 
 1 John Carlson             Mark Giordano            50     1   2  2  
 2 Jordan Oesterle          Brendan Smith            50     1   2  2  

Penalty Kill - 3 Players Forward 
   Forward                                           Time % Phy DF OF 
 1 Ben Street                                        50     1   2  2  
 2 Gaetan Haas                                       50     1   2  2  

Penalty Kill - 3 Players Defense
   Defense                  Defense                  Time % Phy DF OF 
 1 John Carlson             Mark Giordano            50     1   2  2  
 2 Jordan Oesterle          Brendan Smith            50     1   2  2  

4 vs 4 Forward 
   Center                   Wing                     Time % Phy DF OF 
 1 Connor McDavid           Kyle Okposo              50     1   2  2  
 2 Tim Stutzle              Bobby Ryan               50     1   2  2  

4 vs 4 Defense
   Defense                  Defense                  Time % Phy DF OF 
 1 John Carlson             Mark Giordano            50     1   2  2  
 2 Jordan Oesterle          Brendan Smith            50     1   2  2  

Last Minutes Offensive
   Center                   Left Wing                Right Wing               Defense                  Defense                  
   Connor McDavid           Kyle Okposo              Bobby Ryan               John Carlson             Mark Giordano            

Last Minutes Defensive
   Center                   Left Wing                Right Wing               Defense                  Defense                  
   Connor McDavid           Kyle Okposo              Bobby Ryan               John Carlson             Mark Giordano            

Goaltenders
Starting : Joonas Korpisalo         
Backup : Kaapo Kahkonen           

Extra Forwards
Normal : Gaetan Haas, Cody Glass, Ben Street - PP : Gaetan Haas, Cody Glass - PK : Ben Street
Extra Defensemen
Normal : Jake Gardiner, Alex Biega, Jordan Oesterle - PP : Jake Gardiner - PK : Alex Biega, Jordan Oesterle
Penalty Shots
Connor McDavid, Kyle Okposo, Tim Stutzle, Bobby Ryan, Jeff Skinner
Custom OT Lines Forwards
Connor McDavid, Kyle Okposo, Tim Stutzle, Bobby Ryan, Jeff Skinner, Cody Glass, James Neal, Ben Street, Nathan Gerbe, Zack Kassian
Custom OT Lines Defensemen
John Carlson, Mark Giordano, Jordan Oesterle, Brendan Smith, Jake Gardiner

Scratches
Luke Schenn (Healthy), Tomas Nosek (Sprained Right Knee Injury)

Blues

5 vs 5 Forward 
   Center                   Left Wing                Right Wing               Time % Phy DF OF 
 1 Anthony Cirelli          Pavel Buchnevich         Tom Wilson               34     1   2  2  
 2 Jordan Staal             Patrik Laine             Dawson Mercer            30     1   2  2  
 3 Jamie Benn               Michael Bunting          Marcus Johansson         18     1   2  2  
 4 Evan Rodrigues           Artturi Lehkonen         Zach Sanford             18     1   2  2  

5 vs 5 Defense 
   Defense                  Defense                                           Time % Phy DF OF 
 1 MacKenzie Weegar         Neal Pionk                                        47     1   2  1  
 2 Torey Krug               Jarred Tinordi                                    38     1   3  1  
 3 Morgan Rielly            Jordie Benn                                       15     1   2  1  
 4 Jarred Tinordi           Torey Krug                                        0      1   3  1  

PowerPlay Forward 
   Center                   Left Wing                Right Wing               Time % Phy DF OF 
 1 Jordan Staal             Pavel Buchnevich         Tom Wilson               50     1   1  3  
 2 Anthony Cirelli          Jamie Benn               Dawson Mercer            50     0   2  3  

PowerPlay Defense
   Defense                  Defense                                           Time % Phy DF OF 
 1 MacKenzie Weegar         Neal Pionk                                        50     1   1  3  
 2 Torey Krug               Morgan Rielly                                     50     1   1  3  

Penalty Kill 4 Players Forward 
   Center                   Wing                     Time % Phy DF OF 
 1 Jordan Staal             Artturi Lehkonen         50     1   3  1  
 2 Dawson Mercer            Evan Rodrigues           50     1   3  1  

Penalty Kill 4 Players Defense
   Defense                  Defense                  Time % Phy DF OF 
 1 MacKenzie Weegar         Morgan Rielly            50     1   3  1  
 2 Neal Pionk               Torey Krug               50     1   3  1  

Penalty Kill - 3 Players Forward 
   Forward                                           Time % Phy DF OF 
 1 Jordan Staal                                      60     1   3  1  
 2 Pavel Buchnevich                                  40     1   3  1  

Penalty Kill - 3 Players Defense
   Defense                  Defense                  Time % Phy DF OF 
 1 MacKenzie Weegar         Morgan Rielly            60     1   3  1  
 2 Neal Pionk               Torey Krug               40     1   3  1  

4 vs 4 Forward 
   Center                   Wing                     Time % Phy DF OF 
 1 Anthony Cirelli          Patrik Laine             50     1   3  1  
 2 Evan Rodrigues           Pavel Buchnevich         50     1   3  1  

4 vs 4 Defense
   Defense                  Defense                  Time % Phy DF OF 
 1 MacKenzie Weegar         Morgan Rielly            60     1   3  1  
 2 Neal Pionk               Torey Krug               40     1   2  2  

Last Minutes Offensive
   Center                   Left Wing                Right Wing               Defense                  Defense                  
   Jordan Staal             Pavel Buchnevich         Anthony Cirelli          MacKenzie Weegar         Morgan Rielly            

Last Minutes Defensive
   Center                   Left Wing                Right Wing               Defense                  Defense                  
   Jordan Staal             Pavel Buchnevich         Anthony Cirelli          MacKenzie Weegar         Morgan Rielly            

Goaltenders
Starting : Alex Stalock             
Backup : Jonathan Quick           

Extra Forwards
Normal : Michael Bunting, Marcus Johansson, Artturi Lehkonen - PP : Michael Bunting, Marcus Johansson - PK : Artturi Lehkonen
Extra Defensemen
Normal : Torey Krug, MacKenzie Weegar, Jordie Benn - PP : Neal Pionk - PK : MacKenzie Weegar, Morgan Rielly
Penalty Shots
Dawson Mercer, Pavel Buchnevich, Patrik Laine, Anthony Cirelli, Jamie Benn
Custom OT Lines Forwards
Anthony Cirelli, Pavel Buchnevich, Dawson Mercer, Patrik Laine, Tom Wilson, Jordan Staal, Marcus Johansson, Artturi Lehkonen, Zach Sanford, Jamie Benn
Custom OT Lines Defensemen
MacKenzie Weegar, Neal Pionk, Torey Krug, Morgan Rielly, Jordie Benn

Scratches
None


% Time on Ice - Oilers

Lines # - Real PCT - Wanted PCT - Time Play
Normal Forward
1 - 28% - 30% - 14:26
2 - 29% - 30% - 15:12
3 - 26% - 20% - 13:48
4 - 17% - 20% - 9:00
Normal Defense
1 - 35% - 35% - 18:26
2 - 36% - 35% - 18:48
3 - 29% - 30% - 15:12
4 - 0% - 0% - 0:00
PP Forward
1 - 54% - 50% - 1:04
2 - 46% - 50% - 0:55
PP Defense
1 - 57% - 50% - 1:08
2 - 43% - 50% - 0:51
PK Forward
1 - 48% - 50% - 2:41
2 - 52% - 50% - 2:54
PK Defense
1 - 50% - 50% - 2:49
2 - 50% - 50% - 2:46
PK3 Forward
1 - 0% - 50%
2 - 0% - 50%
PK3 Defense
1 - 0% - 50%
2 - 0% - 50%
44 Forward
1 - 0% - 50%
2 - 0% - 50%
44 Defense
1 - 0% - 50%
2 - 0% - 50%
Last Minute Offensive  - 0:00
Last Minute Defensive  - 0:00
Total
Forward - 60:00
Defense - 60:00

% Time on Ice - Blues

Lines # - Real PCT - Wanted PCT - Time Play
Normal Forward
1 - 32% - 34% - 16:43
2 - 29% - 30% - 15:17
3 - 19% - 18% - 10:03
4 - 20% - 18% - 10:23
Normal Defense
1 - 45% - 47% - 23:33
2 - 34% - 38% - 17:59
3 - 21% - 15% - 10:54
4 - 0% - 0% - 0:00
PP Forward
1 - 48% - 50% - 2:42
2 - 52% - 50% - 2:53
PP Defense
1 - 44% - 50% - 2:29
2 - 56% - 50% - 3:06
PK Forward
1 - 54% - 50% - 1:04
2 - 46% - 50% - 0:55
PK Defense
1 - 61% - 50% - 1:12
2 - 39% - 50% - 0:47
PK3 Forward
1 - 0% - 60%
2 - 0% - 40%
PK3 Defense
1 - 0% - 60%
2 - 0% - 40%
44 Forward
1 - 0% - 50%
2 - 0% - 50%
44 Defense
1 - 0% - 60%
2 - 0% - 40%
Last Minute Offensive  - 0:00
Last Minute Defensive  - 0:00
Total
Forward - 60:00
Defense - 60:00

Play-by-Play

1st period


0:01 of 1st period - Connor McDavid wins face-off versus Anthony Cirelli in neutral zone.
1:04 of 1st period - Off-side.
1:05 of 1st period - Evan Rodrigues wins face-off versus Brandon Pirri in neutral zone.
1:30 of 1st period - Alex Biega is hit by Torey Krug and loses puck.
2:31 of 1st period - Evan Rodrigues is hit by Connor McDavid and loses puck.
2:54 of 1st period - Wrist shot by Dawson Mercer.
2:54 of 1st period - Stopped by Joonas Korpisalo with a rebound.
3:25 of 1st period - Jamie Benn is hit by Bobby Ryan and loses puck.
3:42 of 1st period - Snap shot by Artturi Lehkonen.
3:42 of 1st period - Shot Misses the Net.
3:44 of 1st period - Slapshot by Neal Pionk.
3:44 of 1st period - Stopped by Joonas Korpisalo with a rebound.
4:24 of 1st period - Nathan Gerbe is hit by Patrik Laine and loses puck.
4:33 of 1st period - Slapshot by Dawson Mercer.
4:33 of 1st period - Stopped by Joonas Korpisalo with a rebound.
4:35 of 1st period - Snap shot by Dawson Mercer.
4:35 of 1st period - Stopped by Joonas Korpisalo with a rebound.
5:03 of 1st period - Minor Penalty to Alex Biega for Interference.
5:04 of 1st period - Jordan Staal wins face-off versus Gaetan Haas in Oilers zone.
5:31 of 1st period - Neal Pionk is hit by James Neal and loses puck.
5:38 of 1st period - Snap shot by Dawson Mercer.
5:38 of 1st period - Stopped by Joonas Korpisalo without a rebound.
5:39 of 1st period - Anthony Cirelli wins face-off versus Gaetan Haas in Oilers zone.
5:53 of 1st period - Ben Street is hit by Dawson Mercer and loses puck.
7:03 of 1st period - Penalty to Alex Biega is over, Alex Biega is back on ice.
7:25 of 1st period - Slapshot by Cody Glass.
7:25 of 1st period - Stopped by Alex Stalock with a rebound.
7:37 of 1st period - Slapshot by Tim Stutzle.
7:37 of 1st period - Deflect By Torey Krug.
7:37 of 1st period - Stopped by Alex Stalock with a rebound.
7:41 of 1st period - Slapshot by John Carlson.
7:41 of 1st period - Stopped by Alex Stalock without a rebound.
7:42 of 1st period - Anthony Cirelli wins face-off versus Connor McDavid in Blues zone.
7:47 of 1st period - Neal Pionk is hit by Mark Giordano and loses puck.
8:16 of 1st period - Slapshot by Patrik Laine.
8:16 of 1st period - Shot Misses the Net.
8:18 of 1st period - Wrist shot by Dawson Mercer.
8:18 of 1st period - Shot Misses the Net.
8:35 of 1st period - Slapshot by John Carlson.
8:35 of 1st period - Shot Blocked by Morgan Rielly.
8:37 of 1st period - Slapshot by Mark Giordano.
8:37 of 1st period - Shot Blocked by Morgan Rielly.
8:39 of 1st period - Snap shot by James Neal.
8:39 of 1st period - Stopped by Alex Stalock with a rebound.
9:54 of 1st period - Snap shot by Connor McDavid.
9:54 of 1st period - Stopped by Alex Stalock without a rebound.
9:55 of 1st period - Jamie Benn wins face-off versus Tim Stutzle in Blues zone.
10:14 of 1st period - Snap shot by Jamie Benn.
10:14 of 1st period - Shot Misses the Net.
10:26 of 1st period - Zack Kassian is hit by Tom Wilson and loses puck.
10:57 of 1st period - Snap shot by Patrik Laine.
10:57 of 1st period - Stopped by Joonas Korpisalo with a rebound.
11:09 of 1st period - Snap shot by Jordan Staal.
11:09 of 1st period - Stopped by Joonas Korpisalo with a rebound.
12:41 of 1st period - Slapshot by Patrik Laine.
12:41 of 1st period - Stopped by Joonas Korpisalo with a rebound.
12:53 of 1st period - Snap shot by Zach Sanford.
12:53 of 1st period - Stopped by Joonas Korpisalo with a rebound.
12:55 of 1st period - Wrist shot by Zach Sanford.
12:55 of 1st period - Deflect By Artturi Lehkonen.
12:55 of 1st period - Shot Misses the Net.
12:55 of 1st period - Puck is out of play.
12:56 of 1st period - Evan Rodrigues wins face-off versus Tim Stutzle in Oilers zone.
13:22 of 1st period - Jordan Oesterle is hit by Pavel Buchnevich and loses puck.
13:27 of 1st period - Wrist shot by Pavel Buchnevich.
13:27 of 1st period - Shot Blocked by Brendan Smith.
13:43 of 1st period - Snap shot by Jordan Staal.
13:43 of 1st period - Shot Misses the Net.
14:07 of 1st period - Snap shot by Michael Bunting.
14:07 of 1st period - Goal by Michael Bunting - Oilers : 0 - Blues : 1.
14:08 of 1st period - Anthony Cirelli wins face-off versus Tim Stutzle in neutral zone.
14:17 of 1st period - Snap shot by Pavel Buchnevich.
14:17 of 1st period - Stopped by Joonas Korpisalo with a rebound.
15:04 of 1st period - Cody Glass is hit by Jarred Tinordi.
15:42 of 1st period - Slapshot by Marcus Johansson.
15:42 of 1st period - Deflect By Michael Bunting.
15:42 of 1st period - Stopped by Joonas Korpisalo with a rebound.
15:44 of 1st period - Slapshot by Torey Krug.
15:44 of 1st period - Stopped by Joonas Korpisalo with a rebound.
15:46 of 1st period - Slapshot by Torey Krug.
15:46 of 1st period - Deflect By Jamie Benn.
15:46 of 1st period - Shot Misses the Net.
15:46 of 1st period - Puck is out of play.
15:47 of 1st period - Connor McDavid wins face-off versus Anthony Cirelli in Oilers zone.
15:52 of 1st period - Snap shot by Bobby Ryan.
15:52 of 1st period - Shot Misses the Net.
15:54 of 1st period - Snap shot by Bobby Ryan.
15:54 of 1st period - Shot Misses the Net.
15:56 of 1st period - Wrist shot by Connor McDavid.
15:56 of 1st period - Shot Misses the Net.
15:58 of 1st period - Slapshot by Mark Giordano.
15:58 of 1st period - Stopped by Alex Stalock without a rebound.
15:59 of 1st period - Anthony Cirelli wins face-off versus Connor McDavid in Blues zone.
16:29 of 1st period - Wrist shot by James Neal.
16:29 of 1st period - Deflect By Dawson Mercer.
16:29 of 1st period - Stopped by Alex Stalock with a rebound.
16:54 of 1st period - Wrist shot by Cody Glass.
16:54 of 1st period - Stopped by Alex Stalock without a rebound.
16:55 of 1st period - Anthony Cirelli wins face-off versus Connor McDavid in Blues zone.
17:20 of 1st period - John Carlson is hit by Jordan Staal and loses puck.
17:25 of 1st period - Snap shot by Dawson Mercer.
17:25 of 1st period - Stopped by Joonas Korpisalo without a rebound.
17:26 of 1st period - Jordan Staal wins face-off versus Ben Street in Oilers zone.
17:43 of 1st period - MacKenzie Weegar is hit by Brendan Smith and loses puck.
18:13 of 1st period - Snap shot by Cody Glass.
18:13 of 1st period - Stopped by Alex Stalock with a rebound.
18:15 of 1st period - Slapshot by Nathan Gerbe.
18:15 of 1st period - Shot Misses the Net.
18:17 of 1st period - Snap shot by Zack Kassian.
18:17 of 1st period - Shot Misses the Net.
18:39 of 1st period - Snap shot by Artturi Lehkonen.
18:39 of 1st period - Shot Misses the Net.
19:01 of 1st period - Slapshot by James Neal.
19:01 of 1st period - Stopped by Alex Stalock with a rebound.
19:17 of 1st period - Slapshot by John Carlson.
19:17 of 1st period - Deflect By Torey Krug.
19:17 of 1st period - Stopped by Alex Stalock with a rebound.
19:42 of 1st period - Wrist shot by Connor McDavid.
19:42 of 1st period - Stopped by Alex Stalock without a rebound.
19:43 of 1st period - Ben Street wins face-off versus Anthony Cirelli in Blues zone.
19:53 of 1st period - Icing by Connor McDavid.
19:54 of 1st period - Anthony Cirelli wins face-off versus Ben Street in Oilers zone.
Goals for this period are 0 for Oilers vs 1 for Blues.
Shots for this period are 12 for Oilers vs 14 for Blues.

2nd period


0:01 of 2nd period - Connor McDavid wins face-off versus Anthony Cirelli in neutral zone.
0:36 of 2nd period - Wrist shot by Dawson Mercer.
0:36 of 2nd period - Stopped by Joonas Korpisalo without a rebound.
0:37 of 2nd period - Ben Street wins face-off versus Jordan Staal in Oilers zone.
1:03 of 2nd period - Torey Krug is hit by Tim Stutzle and loses puck.
1:54 of 2nd period - Jordan Staal is hit by Connor McDavid and loses puck.
2:51 of 2nd period - Snap shot by Dawson Mercer.
2:51 of 2nd period - Stopped by Joonas Korpisalo with a rebound.
2:53 of 2nd period - Snap shot by Jordan Staal.
2:53 of 2nd period - Shot Blocked by Zack Kassian.
2:55 of 2nd period - Snap shot by Morgan Rielly.
2:55 of 2nd period - Deflect By Patrik Laine.
2:55 of 2nd period - Shot Misses the Net.
2:55 of 2nd period - Puck is out of play.
2:56 of 2nd period - Anthony Cirelli wins face-off versus Tim Stutzle in Oilers zone.
3:09 of 2nd period - Snap shot by Tom Wilson.
3:09 of 2nd period - Stopped by Joonas Korpisalo with a rebound.
4:06 of 2nd period - Slapshot by Tim Stutzle.
4:06 of 2nd period - Stopped by Alex Stalock with a rebound.
4:08 of 2nd period - Wrist shot by James Neal.
4:08 of 2nd period - Shot Misses the Net.
4:55 of 2nd period - Icing by John Carlson.
4:56 of 2nd period - Anthony Cirelli wins face-off versus Tim Stutzle in Oilers zone.
5:21 of 2nd period - Snap shot by Connor McDavid.
5:21 of 2nd period - Stopped by Alex Stalock with a rebound.
5:23 of 2nd period - Snap shot by Kyle Okposo.
5:23 of 2nd period - Shot Blocked by Patrik Laine.
5:25 of 2nd period - Slapshot by Mark Giordano.
5:25 of 2nd period - Stopped by Alex Stalock without a rebound.
5:26 of 2nd period - Anthony Cirelli wins face-off versus Tim Stutzle in Blues zone.
5:55 of 2nd period - Wrist shot by Kyle Okposo.
5:55 of 2nd period - Shot Blocked by Jordan Staal.
5:57 of 2nd period - Wrist shot by Kyle Okposo.
5:57 of 2nd period - Stopped by Alex Stalock with a rebound.
5:59 of 2nd period - Slapshot by Bobby Ryan.
5:59 of 2nd period - Goal by Bobby Ryan - Oilers : 1 - Blues : 1.
6:00 of 2nd period - Connor McDavid wins face-off versus Pavel Buchnevich in neutral zone.
6:03 of 2nd period - Snap shot by Mark Giordano.
6:03 of 2nd period - Stopped by Alex Stalock with a rebound.
6:05 of 2nd period - Slapshot by John Carlson.
6:05 of 2nd period - Stopped by Alex Stalock without a rebound.
6:06 of 2nd period - Anthony Cirelli wins face-off versus Connor McDavid in Blues zone.
6:55 of 2nd period - Snap shot by Cody Glass.
6:55 of 2nd period - Stopped by Alex Stalock without a rebound.
6:56 of 2nd period - Jamie Benn wins face-off versus Cody Glass in Blues zone.
6:56 of 2nd period - Jamie Benn is hit by Cody Glass.
7:14 of 2nd period - Wrist shot by Michael Bunting.
7:14 of 2nd period - Stopped by Joonas Korpisalo with a rebound.
7:16 of 2nd period - Snap shot by Jamie Benn.
7:16 of 2nd period - Stopped by Joonas Korpisalo without a rebound.
7:17 of 2nd period - Anthony Cirelli wins face-off versus Connor McDavid in Oilers zone.
7:22 of 2nd period - Wrist shot by Connor McDavid.
7:22 of 2nd period - Shot Blocked by MacKenzie Weegar.
7:24 of 2nd period - Snap shot by Alex Biega.
7:24 of 2nd period - Stopped by Alex Stalock with a rebound.
7:26 of 2nd period - Slapshot by Alex Biega.
7:26 of 2nd period - Shot Blocked by Anthony Cirelli.
7:28 of 2nd period - Slapshot by Alex Biega.
7:28 of 2nd period - Deflect By Kyle Okposo.
7:28 of 2nd period - Stopped by Alex Stalock with a rebound.
7:42 of 2nd period - MacKenzie Weegar is hit by Alex Biega and loses puck.
8:24 of 2nd period - Slapshot by John Carlson.
8:24 of 2nd period - Shot Misses the Net.
8:49 of 2nd period - Snap shot by Tom Wilson.
8:49 of 2nd period - Shot Misses the Net.
9:44 of 2nd period - Off-side.
9:45 of 2nd period - Jamie Benn wins face-off versus Ben Street in neutral zone.
9:54 of 2nd period - Snap shot by Jamie Benn.
9:54 of 2nd period - Stopped by Joonas Korpisalo without a rebound.
9:55 of 2nd period - Anthony Cirelli wins face-off versus Connor McDavid in Oilers zone.
10:52 of 2nd period - Slapshot by Zack Kassian.
10:52 of 2nd period - Deflect By Cody Glass.
10:52 of 2nd period - Shot Misses the Net.
10:52 of 2nd period - Puck is out of play.
10:53 of 2nd period - Connor McDavid wins face-off versus Anthony Cirelli in Blues zone.
11:11 of 2nd period - Minor Penalty to Tom Wilson for Roughing.
11:12 of 2nd period - Connor McDavid wins face-off versus Jordan Staal in Blues zone.
12:27 of 2nd period - Wrist shot by Tim Stutzle.
12:27 of 2nd period - Shot Blocked by Neal Pionk.
13:11 of 2nd period - Penalty to Tom Wilson is over, Tom Wilson is back on ice.
13:15 of 2nd period - Wrist shot by Tom Wilson.
13:15 of 2nd period - Stopped by Joonas Korpisalo with a rebound.
13:27 of 2nd period - Wrist shot by Cody Glass.
13:27 of 2nd period - Shot Misses the Net.
14:08 of 2nd period - Snap shot by Zack Kassian.
14:08 of 2nd period - Shot Misses the Net.
15:05 of 2nd period - Icing by Patrik Laine.
15:06 of 2nd period - Connor McDavid wins face-off versus Anthony Cirelli in Blues zone.
15:07 of 2nd period - Snap shot by Kyle Okposo.
15:07 of 2nd period - Shot Misses the Net.
15:11 of 2nd period - Snap shot by Kyle Okposo.
15:11 of 2nd period - Stopped by Alex Stalock without a rebound.
15:12 of 2nd period - Kyle Okposo wins face-off versus Anthony Cirelli in Blues zone.
15:42 of 2nd period - Snap shot by Jordan Staal.
15:42 of 2nd period - Shot Blocked by Jordan Oesterle.
15:44 of 2nd period - Slapshot by Morgan Rielly.
15:44 of 2nd period - Deflect By Dawson Mercer.
15:44 of 2nd period - Shot Blocked by Brendan Smith.
15:44 of 2nd period - Puck is out of play.
15:45 of 2nd period - Cody Glass wins face-off versus Evan Rodrigues in Oilers zone.
15:45 of 2nd period - Cody Glass is hit by Evan Rodrigues.
16:17 of 2nd period - Wrist shot by Connor McDavid.
16:17 of 2nd period - Shot Blocked by Neal Pionk.
17:23 of 2nd period - Icing by Cody Glass.
17:24 of 2nd period - Cody Glass wins face-off versus Anthony Cirelli in Oilers zone.
17:24 of 2nd period - Cody Glass is hit by Anthony Cirelli.
17:44 of 2nd period - Icing by Jarred Tinordi.
17:45 of 2nd period - Anthony Cirelli wins face-off versus Connor McDavid in Blues zone.
17:50 of 2nd period - Slapshot by Torey Krug.
17:50 of 2nd period - Shot Misses the Net.
17:52 of 2nd period - Slapshot by Jarred Tinordi.
17:52 of 2nd period - Deflect By Tom Wilson.
17:52 of 2nd period - Shot Misses the Net.
17:52 of 2nd period - Puck is out of play.
17:53 of 2nd period - Connor McDavid wins face-off versus Jordan Staal in Oilers zone.
17:58 of 2nd period - Jarred Tinordi is hit by Connor McDavid and loses puck.
18:23 of 2nd period - Snap shot by Jeff Skinner.
18:23 of 2nd period - Shot Misses the Net.
18:29 of 2nd period - Slapshot by James Neal.
18:29 of 2nd period - Deflect By Tim Stutzle.
18:29 of 2nd period - Shot Misses the Net.
18:29 of 2nd period - Puck is out of play.
18:30 of 2nd period - Jordan Staal wins face-off versus Ben Street in Blues zone.
19:39 of 2nd period - Icing by Jordie Benn.
19:40 of 2nd period - Connor McDavid wins face-off versus Jamie Benn in Blues zone.
19:41 of 2nd period - Wrist shot by Kyle Okposo.
19:41 of 2nd period - Stopped by Alex Stalock without a rebound.
19:42 of 2nd period - Connor McDavid wins face-off versus Anthony Cirelli in Blues zone.
19:55 of 2nd period - Pavel Buchnevich is hit by Bobby Ryan and loses puck.
Goals for this period are 1 for Oilers vs 0 for Blues.
Shots for this period are 12 for Oilers vs 7 for Blues.

3rd period


0:01 of 3rd period - Anthony Cirelli wins face-off versus Connor McDavid in neutral zone.
0:26 of 3rd period - Jordan Staal is hit by Jeff Skinner and loses puck.
0:33 of 3rd period - Jordan Oesterle is hit by Dawson Mercer and loses puck.
1:37 of 3rd period - Wrist shot by Pavel Buchnevich.
1:37 of 3rd period - Stopped by Joonas Korpisalo with a rebound.
1:43 of 3rd period - Neal Pionk is hit by Jeff Skinner.
2:18 of 3rd period - Icing by Morgan Rielly.
2:19 of 3rd period - Tim Stutzle wins face-off versus Evan Rodrigues in Blues zone.
2:28 of 3rd period - Wrist shot by Jeff Skinner.
2:28 of 3rd period - Shot Blocked by Morgan Rielly.
2:30 of 3rd period - Slapshot by Tim Stutzle.
2:30 of 3rd period - Goal by Tim Stutzle - Oilers : 2 - Blues : 1.
2:31 of 3rd period - Anthony Cirelli wins face-off versus Connor McDavid in neutral zone.
2:42 of 3rd period - Slapshot by Anthony Cirelli.
2:42 of 3rd period - Stopped by Joonas Korpisalo with a rebound.
2:46 of 3rd period - Slapshot by Pavel Buchnevich.
2:46 of 3rd period - Stopped by Joonas Korpisalo with a rebound.
3:41 of 3rd period - Slapshot by Mark Giordano.
3:41 of 3rd period - Shot Misses the Net.
4:25 of 3rd period - Snap shot by Bobby Ryan.
4:25 of 3rd period - Shot Misses the Net.
4:27 of 3rd period - Wrist shot by Bobby Ryan.
4:27 of 3rd period - Stopped by Alex Stalock without a rebound.
4:28 of 3rd period - Jordan Staal wins face-off versus Tim Stutzle in Blues zone.
4:28 of 3rd period - Jordan Staal is hit by Tim Stutzle.
4:36 of 3rd period - Wrist shot by Tim Stutzle.
4:36 of 3rd period - Shot Misses the Net.
4:38 of 3rd period - Wrist shot by Tim Stutzle.
4:38 of 3rd period - Stopped by Alex Stalock without a rebound.
4:39 of 3rd period - Anthony Cirelli wins face-off versus Tim Stutzle in Blues zone.
5:10 of 3rd period - Slapshot by Cody Glass.
5:10 of 3rd period - Deflect By Nathan Gerbe.
5:10 of 3rd period - Stopped by Alex Stalock with a rebound.
5:33 of 3rd period - Off-side.
5:34 of 3rd period - Evan Rodrigues wins face-off versus Ben Street in neutral zone.
5:36 of 3rd period - Off-side.
5:37 of 3rd period - Evan Rodrigues wins face-off versus Ben Street in neutral zone.
5:40 of 3rd period - Slapshot by Neal Pionk.
5:40 of 3rd period - Deflect By Brandon Pirri.
5:40 of 3rd period - Stopped by Joonas Korpisalo with a rebound.
5:42 of 3rd period - Slapshot by Neal Pionk.
5:42 of 3rd period - Deflect By Evan Rodrigues.
5:42 of 3rd period - Shot Misses the Net.
5:42 of 3rd period - Puck is out of play.
5:43 of 3rd period - Tim Stutzle wins face-off versus Anthony Cirelli in Oilers zone.
5:48 of 3rd period - Pavel Buchnevich is hit by Alex Biega.
6:10 of 3rd period - Slapshot by Patrik Laine.
6:10 of 3rd period - Shot Misses the Net.
6:12 of 3rd period - Slapshot by Neal Pionk.
6:12 of 3rd period - Stopped by Joonas Korpisalo with a rebound.
6:14 of 3rd period - Snap shot by Dawson Mercer.
6:14 of 3rd period - Shot Misses the Net.
6:18 of 3rd period - Snap shot by Patrik Laine.
6:18 of 3rd period - Stopped by Joonas Korpisalo without a rebound.
6:19 of 3rd period - Ben Street wins face-off versus Jordan Staal in Oilers zone.
6:32 of 3rd period - Wrist shot by Connor McDavid.
6:32 of 3rd period - Shot Hit the Post.
6:34 of 3rd period - Slapshot by John Carlson.
6:34 of 3rd period - Shot Misses the Net.
6:44 of 3rd period - Patrik Laine is hit by Cody Glass and loses puck.
7:30 of 3rd period - Snap shot by MacKenzie Weegar.
7:30 of 3rd period - Stopped by Joonas Korpisalo with a rebound.
7:32 of 3rd period - Slapshot by MacKenzie Weegar.
7:32 of 3rd period - Deflect By Jake Gardiner.
7:32 of 3rd period - Stopped by Joonas Korpisalo with a rebound.
7:34 of 3rd period - Snap shot by Evan Rodrigues.
7:34 of 3rd period - Shot Misses the Net.
7:36 of 3rd period - Snap shot by Artturi Lehkonen.
7:36 of 3rd period - Deflect By Zach Sanford.
7:36 of 3rd period - Shot Misses the Net.
7:36 of 3rd period - Puck is out of play.
7:37 of 3rd period - Anthony Cirelli wins face-off versus Tim Stutzle in Oilers zone.
7:48 of 3rd period - Snap shot by Anthony Cirelli.
7:48 of 3rd period - Shot Misses the Net.
7:50 of 3rd period - Wrist shot by Tom Wilson.
7:50 of 3rd period - Stopped by Joonas Korpisalo with a rebound.
7:52 of 3rd period - Wrist shot by Jarred Tinordi.
7:52 of 3rd period - Shot Blocked by Jordan Oesterle.
8:04 of 3rd period - Torey Krug is hit by Brendan Smith and loses puck.
8:39 of 3rd period - Patrik Laine is hit by Zack Kassian and loses puck.
9:23 of 3rd period - Slapshot by John Carlson.
9:23 of 3rd period - Shot Blocked by Jordie Benn.
9:25 of 3rd period - Slapshot by Zack Kassian.
9:25 of 3rd period - Shot Misses the Net.
9:27 of 3rd period - Snap shot by Nathan Gerbe.
9:27 of 3rd period - Shot Misses the Net.
9:50 of 3rd period - Backhand shot by Nathan Gerbe.
9:50 of 3rd period - Stopped by Alex Stalock with a rebound.
9:52 of 3rd period - Slapshot by John Carlson.
9:52 of 3rd period - Stopped by Alex Stalock without a rebound.
9:53 of 3rd period - Anthony Cirelli wins face-off versus Connor McDavid in Blues zone.
10:20 of 3rd period - Evan Rodrigues is hit by Alex Biega and loses puck.
10:27 of 3rd period - Wrist shot by Tim Stutzle.
10:27 of 3rd period - Stopped by Alex Stalock with a rebound.
10:29 of 3rd period - Wrist shot by Jeff Skinner.
10:29 of 3rd period - Goal by Jeff Skinner - Oilers : 3 - Blues : 1.
10:30 of 3rd period - Anthony Cirelli wins face-off versus Ben Street in neutral zone.
10:46 of 3rd period - Minor Penalty to Brandon Pirri for Holding.
10:47 of 3rd period - Gaetan Haas wins face-off versus Jordan Staal in Oilers zone.
11:06 of 3rd period - James Neal is hit by Tom Wilson.
11:28 of 3rd period - Snap shot by Dawson Mercer.
11:28 of 3rd period - Stopped by Joonas Korpisalo without a rebound.
11:29 of 3rd period - Anthony Cirelli wins face-off versus Gaetan Haas in Oilers zone.
12:21 of 3rd period - Zack Kassian is hit by Dawson Mercer and loses puck.
12:46 of 3rd period - Penalty to Brandon Pirri is over, Brandon Pirri is back on ice.
13:11 of 3rd period - Snap shot by Zack Kassian.
13:11 of 3rd period - Shot Blocked by Michael Bunting.
13:13 of 3rd period - Backhand shot by John Carlson.
13:13 of 3rd period - Shot Blocked by Marcus Johansson.
13:15 of 3rd period - Wrist shot by Brandon Pirri.
13:15 of 3rd period - Stopped by Alex Stalock with a rebound.
13:19 of 3rd period - Slapshot by John Carlson.
13:19 of 3rd period - Shot Blocked by Torey Krug.
13:21 of 3rd period - Wrist shot by Ben Street.
13:21 of 3rd period - Stopped by Alex Stalock with a rebound.
13:23 of 3rd period - Snap shot by Zack Kassian.
13:23 of 3rd period - Shot Blocked by Jarred Tinordi.
13:25 of 3rd period - Wrist shot by Brandon Pirri.
13:25 of 3rd period - Stopped by Alex Stalock with a rebound.
13:27 of 3rd period - Wrist shot by Mark Giordano.
13:27 of 3rd period - Deflect By Jamie Benn.
13:27 of 3rd period - Goal by Mark Giordano - Oilers : 4 - Blues : 1.
13:28 of 3rd period - Anthony Cirelli wins face-off versus Kyle Okposo in neutral zone.
13:35 of 3rd period - Wrist shot by Tom Wilson.
13:35 of 3rd period - Shot Misses the Net.
13:41 of 3rd period - Snap shot by Bobby Ryan.
13:41 of 3rd period - Stopped by Alex Stalock without a rebound.
13:42 of 3rd period - Anthony Cirelli wins face-off versus Tim Stutzle in Blues zone.
13:42 of 3rd period - Anthony Cirelli is hit by Tim Stutzle.
13:52 of 3rd period - Snap shot by Pavel Buchnevich.
13:52 of 3rd period - Stopped by Joonas Korpisalo without a rebound.
13:53 of 3rd period - Anthony Cirelli wins face-off versus Tim Stutzle in Oilers zone.
13:56 of 3rd period - Backhand shot by Pavel Buchnevich.
13:56 of 3rd period - Stopped by Joonas Korpisalo with a rebound.
14:20 of 3rd period - Neal Pionk is hit by Brandon Pirri.
14:27 of 3rd period - Icing by Brendan Smith.
14:28 of 3rd period - Ben Street wins face-off versus Anthony Cirelli in Oilers zone.
14:42 of 3rd period - Slapshot by Pavel Buchnevich.
14:42 of 3rd period - Stopped by Joonas Korpisalo with a rebound.
14:56 of 3rd period - Backhand shot by Connor McDavid.
14:56 of 3rd period - Stopped by Alex Stalock without a rebound.
14:57 of 3rd period - Anthony Cirelli wins face-off versus Tim Stutzle in Blues zone.
14:57 of 3rd period - Anthony Cirelli is hit by Tim Stutzle.
15:31 of 3rd period - Patrik Laine is hit by Connor McDavid.
16:50 of 3rd period - Wrist shot by Anthony Cirelli.
16:50 of 3rd period - Stopped by Joonas Korpisalo with a rebound.
16:52 of 3rd period - Snap shot by Pavel Buchnevich.
16:52 of 3rd period - Stopped by Joonas Korpisalo without a rebound.
16:53 of 3rd period - Cody Glass wins face-off versus Zach Sanford in Oilers zone.
16:53 of 3rd period - Cody Glass is hit by MacKenzie Weegar.
17:09 of 3rd period - Wrist shot by Zack Kassian.
17:09 of 3rd period - Shot Blocked by Neal Pionk.
17:28 of 3rd period - Anthony Cirelli is hit by Kyle Okposo.
17:58 of 3rd period - John Carlson is hit by Michael Bunting.
18:22 of 3rd period - Minor Penalty to Brendan Smith for Hooking.
18:23 of 3rd period - Ben Street wins face-off versus Anthony Cirelli in Oilers zone.
18:30 of 3rd period - Morgan Rielly is hit by Zack Kassian and loses puck.
19:10 of 3rd period - Gaetan Haas is hit by Dawson Mercer and loses puck.
Goals for this period are 3 for Oilers vs 0 for Blues.
Shots for this period are 14 for Oilers vs 15 for Blues. Output by the SimonT Hockey Simulator (STHS) for Alexandre Lamarre - Original Page W3C HTML5 Valid
Hockey Simulator - Hockey Simulation - Hockey Manager